 Dungeon Crawl Stone Soup version 0.17-a0-2055-gb4e23be (webtiles) character file.

40 admarant the Caller (level 3, 0/23 HPs)
             Began as an Octopode Summoner on Oct 11, 2015.
             Slain by a worm (5 damage)
             ... on level 2 of the Dungeon.
             The game lasted 00:10:23 (2450 turns).

admarant the Caller (Octopode Summoner)             Turns: 2450, Time: 00:10:23

Health: 0/23       AC:  1    Str:  7    XL:     3   Next: 50%
Magic:  2/6        EV: 12    Int: 18    God:
Gold:   54         SH:  0    Dex: 12    Spells: 3 memorised, 0 levels left

rFire  . . .     SeeInvis .     (no weapon)
rCold  + . .     Clarity  .     (no shield)
rNeg   . . .     SustAt   .     (helmet restricted)
rPois  .         Gourm    .     (no amulet)
rElec  .         Spirit   .     i - ring of stealth
rCorr  .         Warding  .     p - ring of protection from cold
rMut   .         Stasis   .     (no ring)
MR     .....                    (no ring)
Stlth  ++++......               (no ring)
                                (no ring)
                                (no ring)
                                (no ring)

@: not resistant to hostile enchantments, stealthy
A: almost no armour, amphibious, 8 rings, constrict 8, camouflage 1, gelatinous
body 1
a: no special abilities


You were on level 2 of the Dungeon.
You were not hungry.

You visited 1 branch of the dungeon, and saw 3 of its levels.

You collected 54 gold pieces.

Inventory:

Hand Weapons
 m - a +2 mace of protection
Jewellery
 i - a ring of stealth (left tentacle)
 p - a ring of protection from cold (right tentacle)
Scrolls
 f - a scroll of enchant armour {unknown}
 h - a scroll of random uselessness {unknown}
 k - a scroll of enchant weapon {unknown}
 o - a scroll of amnesia {unknown}
Potions
 c - a potion of agility {unknown}
 e - a potion of magic {unknown}
 j - a potion of curing {unknown}
 l - a potion of heal wounds {unknown}
 n - a potion of lignification {unknown}
Books
 a - a book of Callings

   Spells                             Type                      Level
   a - Summon Small Mammal            Summoning                    1
   b - Call Imp                       Summoning                    2
   c - Call Canine Familiar           Summoning                    3
   d - Summon Guardian Golem          Hexes/Summoning              3
   e - Summon Lightning Spire         Summoning/Air                4
   f - Summon Ice Beast               Ice/Summoning                4
Comestibles
 b - 3 bread rations
 d - a slice of pizza
 g - 2 meat rations


   Skills:
 + Level 1.0 Fighting
 + Level 2.2 Dodging
 + Level 3.2 Stealth
 + Level 2.3 Spellcasting
 + Level 4.4 Summonings


You couldn't memorise any spells.
You knew the following spells:

 Your Spells              Type           Power        Failure   Level  Hunger
a - Summon Small Mammal   Summ           ###.         2%          1    #......
b - Call Imp              Summ           ###.....     4%          2    ##.....
c - Call Canine Familiar  Summ           ###.....     10%         3    ###....


Dungeon Overview and Level Annotations

Branches:
Dungeon (3/15)

Altars:
Fedhas
Trog


Innate Abilities, Weirdness & Mutations

You cannot wear most types of armour.
You are amphibious.
You can wear up to eight rings at the same time.
You can use your tentacles to constrict eight enemies at once.
Your skin changes colour to match your surroundings (Stealth).
Your rubbery body absorbs attacks (AC +1).


Message History

You release your grip on the worm.
You tentacle-slap the worm but do no damage.
You grab the worm. You constrict the worm. You tentacle-slap the worm.
The worm is lightly wounded.
You constrict the worm. The worm barely misses you.
You tentacle-slap the worm but do no damage.
The worm is moderately wounded.
You constrict the worm. The worm closely misses you.
You tentacle-slap the worm.
The worm is moderately wounded.
You constrict the worm. The worm bites you! The worm closely misses you.
You tentacle-slap the worm but do no damage.
The worm is moderately wounded.
You constrict the worm. The worm bites you.
* * * LOW HITPOINT WARNING * * *
You tentacle-slap the worm. You squeeze the worm.
The worm is heavily wounded.
You constrict the worm. The worm bites you.
You die...

###)..###.....#.#
#.
##....).)##....'.#
#.
#.).w_....##...###
#.
##.........##...#
#.
#....###....#.###
#. #...##y##...#.#
#. #..†r###....#.#
## #...wrb.....#.#
# ##..w@.....##.#
# ##.......##..# #
####.####..## #
#.##...## #
#....### ######


You could see a moth of wrath, 3 worms, a friendly bat and 2 friendly rats.

Vanquished Creatures
  An ooze (D:1)
  2 giant geckos
  2 hobgoblins (D:1)
  9 jackals (D:1)
  A quokka (D:2)
  7 bats
  3 giant newts
  A goblin (D:2)
  5 rats
31 creatures vanquished.

Vanquished Creatures (collateral kills)
  A bat (D:1)
  A hobgoblin (D:2)
  2 jackals (D:1)
  A giant newt (D:1)
  A kobold (D:1)
  2 rats (D:1)
8 creatures vanquished.

Grand Total: 39 creatures vanquished

Notes
Turn   | Place    | Note
--------------------------------------------------------------
     0 | D:1      | admarant the Octopode Summoner began the quest for the Orb.
     0 | D:1      | Reached XP level 1. HP: 11/11 MP: 3/3
   480 | D:1      | Reached XP level 2. HP: 15/17 MP: 1/5
   519 | D:1      | Learned a level 2 spell: Call Imp
  1306 | D:1      | Reached XP level 3. HP: 8/22 MP: 2/6
  1689 | D:2      | Found a blossoming altar of Fedhas.
  1844 | D:2      | Learned a level 3 spell: Call Canine Familiar
  2061 | D:2      | Found a faded altar to an unknown god.
  2077 | D:2      | Reached skill level 1 in Fighting
  2419 | D:2      | Noticed a moth of wrath
  2422 | D:2      | Found a bloodstained altar of Trog.
  2450 | D:2      | Slain by a worm

Vault maps used:
D:1:      lemuel_arrival_lava_pool, minivault_27
D:2:      tgw_trog, ecumenical_altar_2, fedhas_altar_3
D:3:      uniq_grinder

Action                   || total
-------------------------++-------
Melee: Unarmed           ||   110
 Cast: Summon Small Mamm ||    19
       Call Imp          ||     8
       Call Canine Famil ||     2
  Use: Scroll            ||     4
 Stab: Sleeping          ||     6
  Eat: Chunk             ||     3
       Meat ration       ||     1
